 Dungeon Crawl Stone Soup version 0.16.2-12-gd0ad4c3 (webtiles) character file.

74 faibistes the Magician (level 4, 0/24 HPs)
             Began as a Deep Elf Wizard on Dec 6, 2018.
             Succumbed to an adder's poison
             ... on level 1 of the Dungeon.
             The game lasted 00:03:59 (1400 turns).

faibistes the Magician (Deep Elf Wizard)            Turns: 1400, Time: 00:04:00

Health: 0/24       AC:  3    Str:  4    XL:     4   Next: 10%
Magic:  3/17       EV: 13    Int: 24    God:
Gold:   17         SH:  0    Dex: 13    Spells: 6 memorised, 0 levels left

rFire  . . .     SeeInvis .     g - +0 dagger
rCold  . . .     Clarity  .     a - +0 robe
rNeg   . . .     SustAb   .     (no shield)
rPois  .         Gourm    .     b - +0 hat
rElec  .         Spirit   .     l - +0 cloak
rCorr  .         Warding  .     (no gloves)
rMut   .         Stasis   .     (no boots)
MR     .....                    (no amulet)
Stlth  ++........               (no ring)
                                (no ring)

@: lethally poisoned (0 -> -2), very slightly contaminated, repel missiles, not
resistant to hostile enchantments, unstealthy
A: no striking features
a: no special abilities


You were on level 1 of the Dungeon.
You were not hungry.

You visited 1 branch of the dungeon, and saw 3 of its levels.

You collected 17 gold pieces.

Inventory:

Hand weapons
 e - a +0 hand axe
 g - a +0 dagger (weapon)
Armour
 a - a +0 robe (worn)
 b - a +0 hat (worn)
 l - a +0 cloak (worn)
Scrolls
 h - a scroll of magic mapping {unknown}
 j - a scroll of remove curse {unknown}
 k - a scroll of identify {unknown}
 n - a scroll of noise {unknown}
Books
 c - a book of Minor Magic

   Spells                             Type                      Level
   a - Magic Dart                     Conjuration                  1
   b - Blink                          Translocation                2
   c - Call Imp                       Summoning                    2
   d - Repel Missiles                 Charms/Air                   2
   e - Slow                           Hexes                        2
   f - Conjure Flame                  Conjuration/Fire             3
   g - Mephitic Cloud                 Conjuration/Poison/Air       3
Comestibles
 d - 2 bread rations
 f - a chunk of flesh
 i - a slice of pizza
 m - a meat ration


   Skills:
 + Level 3.0 Dodging
 - Level 2.4 Stealth
 * Level 5.4 Spellcasting
 * Level 3.1 Conjurations
 - Level 1.1 Summonings
 - Level 1.1 Translocations


You couldn't memorise any spells.
You knew the following spells:

 Your Spells              Type           Power        Failure   Level  Hunger
a - Magic Dart            Conj           ###.         2%          1    None
b - Conjure Flame         Conj/Fire      ##......     17%         3    #......
c - Call Imp              Summ           ##......     12%         2    None
d - Blink                 Tloc           N/A          12%         2    None
e - Mephitic Cloud        Conj/Pois/Air  ##......     21%         3    #......
f - Repel Missiles        Chrm/Air       #.....       14%         2    None


Dungeon Overview and Level Annotations

Branches:
Dungeon (3/15)

Altars:


Message History

The adder bites your crimson imp but does no damage.
* * * LOW HITPOINT WARNING * * *
You feel sick. The adder misses your crimson imp.
Your crimson imp hits the adder.
The adder completely misses your crimson imp.
Your crimson imp misses the adder.
The adder bites your crimson imp.
Your crimson imp completely misses the adder.
The adder bites your crimson imp. The adder misses your crimson imp.
Your crimson imp hits the adder.
* * * LOW HITPOINT WARNING * * *
You feel sick.
The adder bites your crimson imp but does no damage.
Your crimson imp hits the adder.
The adder dies!
Your Dodging skill increases to level 3!
There is a lethal amount of poison in your body!
* * * LOW HITPOINT WARNING * * *
You feel sick.
You die...

############
#..........###.
#..####..............
#.....@5.........#
#.....##..>...(...# ###.
..................##....
##.###........[......# .
# #$#...........### #
...######......#####
###. #)#..#.....# #
#....#####..
#..#........


You could see a friendly crimson imp.

Vanquished Creatures
  Natasha (D:3)
  An adder (D:2)
  A worm (D:2)
  A giant gecko (D:1)
  5 bats
  A giant cockroach (D:1)
  2 hobgoblins (D:1)
  2 jackals (D:1)
  5 kobolds (D:1)
  A giant newt (D:1)
  5 goblins (D:1)
  A quokka (D:2)
  3 rats
29 creatures vanquished.

Vanquished Creatures (collateral kills)
  An adder (D:1)
  A giant newt (D:1)
  A jackal (D:1)
3 creatures vanquished.

Grand Total: 32 creatures vanquished

Notes
Turn   | Place    | Note
--------------------------------------------------------------
     0 | D:1      | faibistes, the Deep Elf Wizard, began the quest for the Orb.
     0 | D:1      | Reached XP level 1. HP: 10/10 MP: 6/6
   284 | D:1      | Reached XP level 2. HP: 15/15 MP: 0/9
   288 | D:1      | Learned a level 2 spell: Blink
   291 | D:1      | Learned a level 2 spell: Call Imp
   746 | D:2      | Reached skill level 5 in Spellcasting
   746 | D:2      | Reached XP level 3. HP: 15/19 MP: 7/14
   753 | D:1      | Learned a level 3 spell: Conjure Flame
   757 | D:1      | Learned a level 3 spell: Mephitic Cloud
   923 | D:3      | Noticed Natasha
   930 | D:3      | Killed Natasha
  1276 | D:1      | Reached XP level 4. HP: 20/24 MP: 12/17
  1341 | D:1      | Learned a level 2 spell: Repel Missiles
  1396 | D:1      | HP: 1/24 [poisoned by an adder]
  1400 | D:1      | Succumbed to an adder's poison

Action                   |  1- 3 |  4- 6 || total
-------------------------+-------+-------++-------
Melee: Unarmed           |    14 |       ||    14
 Cast: Magic Dart        |    65 |     3 ||    68
       Blink             |     3 |     3 ||     6
       Call Imp          |     3 |     1 ||     4
       Mephitic Cloud    |     2 |     1 ||     3
       Repel Missiles    |       |     1 ||     1
  Eat: Chunk             |     1 |       ||     1
